 Dungeon Sprint DCSS version 0.31-a0-149-g3fdcc5976a (webtiles) character file.

Game seed: 14048755534626616803

9330 rocky1 the Severer (level 11, 0/102 HPs)
             Began as a Minotaur Gladiator on June 7, 2023.
             Was a High Priest of Okawaru.
             Slain by an orange demon (7 damage)
             ... in the Dungeon (Sprint VII: "The Pits").
             The game lasted 00:07:08 (1945 turns).

rocky1 the Severer (Minotaur Gladiator)             Turns: 1945, Time: 00:07:09

Health: 0/102      AC: 29    Str: 22    XL:     11   Next: 21%
Magic:  13/18      EV: 13    Int:  8    God:    Okawaru [*****.]
Gold:   0          SH:  0    Dex: 13    Spells: 10/10 levels left

rFire   . . .        a - +2 war axe (heavy)
rCold   . . .        (no shield)
rNeg    . . .        w - +3 plate armour
rPois   .            c - +0 hat
rElec   .            (no cloak)
rCorr   .            u - +0 pair of gloves
SInv    .            v - +0 pair of boots
Will    .....        (no amulet) Stlth
                     r - +3 ring of protection
HPRegen 0.37/turn    s - +3 ring of intelligence
MPRegen 0.16/turn

%: no teleportation
@: heroic, finesse-ful
A: horns 2, retaliatory headbutt
a: Renounce Religion, Heroism, Finesse


You were in the Dungeon.
You worshipped Okawaru.
Okawaru was extremely pleased with you.
You visited 1 branch

Inventory:

Hand Weapons
 a - a +2 heavy war axe (weapon)
 q - a +2 scimitar of flaming
Missiles
 d - a throwing net
 e - 5 javelins (quivered)
Armour
 c - a +0 hat (worn)
 u - a +0 pair of gloves (worn)
 v - a +0 pair of boots (worn)
 w - a +3 plate armour (worn)
Jewellery
 r - a +3 ring of protection (left hand)
 s - a +3 ring of intelligence (right hand)
Wands
 p - a wand of polymorph (5)
Scrolls
 k - a scroll of blinking
 m - 5 scrolls of amnesia
Potions
 f - 9 potions of curing
 g - 10 potions of heal wounds
 h - a potion of haste
 i - 4 potions of magic
 j - 2 potions of berserk rage
 l - 2 potions of invisibility
 t - a potion of brilliance


   Skills:
 + Level 11.2(16.2) Fighting
 * Level 20.0(25.0) Axes
 + Level 5.2(10.2) Throwing
 * Level 15.8(20.8) Armour
 + Level 9.2(14.2) Dodging
 + Level 5.6(10.6) Stealth
 * Level 10.6 Invocations


You had 10 spell levels left.
You didn't know any spells.
Your spell library was empty.

Dungeon Overview and Level Annotations

Branches:
Dungeon (1/1)

Altars:
Ashenzari
Cheibriados
Dithmenos
Elyvilon
Fedhas
Gozag
Hepliaklqana
Kikubaaqudgha
Makhleb
Nemelex Xobeh
Okawaru
Qazlal
Ru
Sif Muna
Trog
Uskayaw
Vehumet
Wu Jian
Xom
Yredelemnul
Zin
The Shining One
Jiyva
Lugonu


Innate Abilities, Weirdness & Mutations

You have a pair of horns on your head.
You reflexively headbutt those who attack you in melee.


Message History

You kill the dream sheep!
Okawaru accepts your kill.
You slash the dream sheep!
Unknown command.
You slash the dream sheep!
You kill the dream sheep!
Okawaru accepts your kill.
The orange demon stings you but does no damage.
Your base Fighting skill increases to level 11!
Unknown command.
You completely miss the dream sheep. Your headbutt misses the dream sheep.
You slash the dream sheep!
The dream sheep is heavily wounded.
The dream sheep barely misses you. The orange demon closely misses you.
You slice the dream sheep!!
You kill the dream sheep!
Okawaru accepts your kill.
Your base Axes skill increases to level 20!
Unknown command.
The orange demon closely misses you.
You barely miss the quokka skeleton. You headbutt the quokka skeleton.
You punch the quokka skeleton.
You destroy the quokka skeleton!
The orange demon barely misses you.
You slice the earth elemental like a ripe choko!!!
You headbutt the earth elemental.
You destroy the earth elemental!
Okawaru accepts your kill.
Unknown command.
The orange demon stings you.
* * * LOW HITPOINT WARNING * * *
The orange demon hits you.
* * * LOW HITPOINT WARNING * * *
There is an open door, spattered with blood here.
Things that are here:
a dream sheep corpse; a dream sheep corpse You hit the orange demon but do no damage.
The orange demon is moderately wounded.
The orange demon stings you!
You die...

###### ###########
###### ....'..'...##
.....
....'..'.....## ....
...##..##.....##
...#
.###....###....#
...#
##........###.###..#
#...#..#...#....#..#
[).........'....@†.+
#)..#..#...#...†#4.#
##........###.###..#
.###....###....#
...#
...##..##.)...##
...# ..).'..))÷...##
.... #.)['..'÷÷.###
..... ############
######


You could see an orange demon.

Vanquished Creatures
  A minotaur (D)
  A demonic crawler (D)
  A flayed ghost (D)
  2 bog bodies (D)
  Pikel (D)
  A gargoyle (D)
  A smoke demon (D)
  A komodo dragon (D)
  A molten gargoyle (D)
  A kobold demonologist (D)
  A rime drake (D)
  An efreet (D)
  An ice devil (D)
  A tyrant leech (D)
  4 blink frogs (D)
  5 dream sheep (D)
  A wyvern (D)
  4 vampire mosquitoes (D)
  Edmund (D)
  4 hell hounds (D)
  A black bear (D)
  A centaur (D)
  2 lemures (D)
  An earth elemental (D)
  A necrophage (D)
  A scorpion (D)
  11 wights (D)
  A quasit (D)
  A hound (D)
  An iguana (D)
  A river rat (D)
  An ufetubus (D)
  A worm (D)
  An orc (D)
  4 bats (D)
  A giant cockroach (D)
  A hobgoblin (D)
  A ball python (D)
  A frilled lizard (D)
  A kobold (D)
  A quokka skeleton (D)
69 creatures vanquished.

Notes
Turn   | Place    | Note
-------+----------+-------------------------------------------
     0 | D        | rocky1 the Minotaur Gladiator began the quest for the Orb.
     0 | D        | Reached XP level 1. HP: 18/18 MP: 0/0
    10 | D        | Reached skill level 4 in Axes
    15 | D        | Found a bloodstained altar of Trog.
    15 | D        | Found a shimmering blue altar of Sif Muna.
    15 | D        | Found a viscous altar of Jiyva.
    15 | D        | Found a hazy altar of Hepliaklqana.
    15 | D        | Found an opulent altar of Gozag.
    16 | D        | Found a glowing golden altar of the Shining One.
    16 | D        | Found a glowing silver altar of Zin.
    16 | D        | Found a basalt altar of Yredelemnul.
    16 | D        | Found a shimmering altar of Xom.
    16 | D        | Found an ornate altar of the Wu Jian Council.
    16 | D        | Found a sacrificial altar of Ru.
    16 | D        | Found a stormy altar of Qazlal.
    16 | D        | Found an iron altar of Okawaru.
    16 | D        | Found a sparkling altar of Nemelex Xobeh.
    16 | D        | Found a burning altar of Makhleb.
    16 | D        | Found a blossoming altar of Fedhas.
    16 | D        | Found a white marble altar of Elyvilon.
    16 | D        | Found a shadowy altar of Dithmenos.
    16 | D        | Found a snail-covered altar of Cheibriados.
    18 | D        | Found a radiant altar of Vehumet.
    18 | D        | Found a corrupted altar of Lugonu.
    19 | D        | Found a hide-covered altar of Uskayaw.
    19 | D        | Found an ancient bone altar of Kikubaaqudgha.
    19 | D        | Found a broken altar of Ashenzari.
    26 | D        | Became a worshipper of Warmaster Okawaru
    64 | D        | Reached skill level 1 in Armour
    67 | D        | Reached XP level 2. HP: 23/25 MP: 1/1
   179 | D        | Noticed a scorpion
   180 | D        | Reached skill level 1 in Invocations
   183 | D        | Killed a scorpion
   184 | D        | Reached skill level 6 in Axes
   184 | D        | Reached skill level 5 in Dodging
   184 | D        | Reached XP level 3. HP: 27/31 MP: 1/3
   227 | D        | Reached * piety under Okawaru
   228 | D        | Reached skill level 7 in Axes
   228 | D        | Reached XP level 4. HP: 32/38 MP: 3/5
   254 | D        | Noticed a necrophage
   264 | D        | Killed a necrophage
   265 | D        | Reached skill level 8 in Axes
   432 | D        | Noticed Edmund
   432 | D        | Noticed a lemure
   432 | D        | Noticed a lemure
   440 | D        | Noticed a lemure
   441 | D        | Noticed a lemure
   442 | D        | Killed a lemure
   443 | D        | Reached XP level 5. HP: 46/46 MP: 3/6
   445 | D        | Noticed Pikel
   458 | D        | Killed a lemure
   465 | D        | Killed Edmund
   466 | D        | Reached skill level 10 in Axes
   466 | D        | Reached skill level 1 in Stealth
   466 | D        | Reached XP level 6. HP: 53/53 MP: 5/8
   480 | D        | Killed Pikel
   480 | D        | Reached ** piety under Okawaru
   481 | D        | Reached skill level 13 in Axes
   481 | D        | Reached XP level 7. HP: 58/63 MP: 6/10
   534 | D        | Noticed a molten gargoyle
   538 | D        | Killed a molten gargoyle
   539 | D        | Reached skill level 14 in Axes
   539 | D        | Reached XP level 8. HP: 51/71 MP: 8/11
   892 | D        | Noticed an efreet
   892 | D        | Noticed a komodo dragon
   902 | D        | Killed a komodo dragon
   902 | D        | Reached *** piety under Okawaru
   903 | D        | Reached skill level 15 in Axes
   906 | D        | Killed an efreet
  1295 | D        | Reached skill level 16 in Axes
  1295 | D        | Reached XP level 9. HP: 79/79 MP: 10/13
  1312 | D        | Reached skill level 10 in Armour
  1312 | D        | Noticed a flayed ghost
  1315 | D        | Noticed a minotaur
  1323 | D        | Killed a minotaur
  1323 | D        | Reached **** piety under Okawaru
  1324 | D        | Reached skill level 17 in Axes
  1328 | D        | Killed a flayed ghost
  1328 | D        | Reached ***** piety under Okawaru
  1471 | D        | Noticed a tyrant leech
  1471 | D        | Noticed an ice devil
  1479 | D        | Killed an ice devil
  1480 | D        | Reached skill level 18 in Axes
  1480 | D        | Reached XP level 10. HP: 90/90 MP: 12/15
  1502 | D        | Noticed a bog body
  1505 | D        | Killed a bog body
  1506 | D        | Reached skill level 5 in Stealth
  1507 | D        | Noticed an orange demon
  1513 | D        | Identified the +0 robe of Inference {+Inv MP+9 Dex-5 SInv}
                  | (Okawaru gifted it to you in the Dungeon)
  1513 | D        | Received a gift from Okawaru
  1529 | D        | Noticed a bog body
  1535 | D        | Killed a bog body
  1536 | D        | Reached skill level 19 in Axes
  1536 | D        | Reached skill level 5 in Throwing
  1543 | D        | Noticed a gargoyle
  1546 | D        | Reached skill level 10 in Invocations
  1551 | D        | Reached skill level 10 in Fighting
  1551 | D        | Killed a gargoyle
  1578 | D        | Noticed a smoke demon
  1592 | D        | Killed a smoke demon
  1593 | D        | Reached skill level 15 in Armour
  1593 | D        | Reached XP level 11. HP: 56/101 MP: 17/17
  1911 | D        | Noticed a demonic crawler
  1934 | D        | Killed a demonic crawler
  1941 | D        | Reached skill level 20 in Axes
  1945 | D        | Slain by an orange demon

Illustrated notes

Levels and vault maps discovered:
D:        pitsprint [storerooms_1, entrance_room_1, metal_vault_4, armoury_3,
          mini_pit_1, grid_room_1, main_hall_1, silver_pit, the_coven_3,
          the_vestibule_1, steel_vault_3, golden_pit, hallway_of_sentries,
          crystal_vault_2, iron_vault_2, final_vault]

Skill      XL: |  1  2  3  4  5  6  7  8  9 10 11 |
---------------+----------------------------------+-----
Axes           | 4 6 7 8 10 13 14 16 18 19 20 | 20.0
Armour         | 1 2 3 4 6 7 9 12 15 | 15.8
Dodging        | 4 5 6 7 8 9 |  9.2
Invocations    | 2 3 4 6 7 8 10 | 10.6
Fighting       | 3 4 6 7 8 10 11 | 11.2
Throwing       | 3 4 5 |  5.2
Stealth        | 1 2 3 4 5 |  5.6

Action                     |  1- 3 |  4- 6 |  7- 9 | 10-12 || total
---------------------------+-------+-------+-------+-------++-------
  Melee: War axe           |    12 |    11 |    26 |    55 ||   104
         Headbutt          |     2 |    14 |    13 |    12 ||    41
         Hand axe          |       |    38 |    45 |       ||    83
         Punch             |       |       |     2 |     2 ||     4
  Throw: Throwing net      |       |     2 |       |       ||     2
         Javelin           |       |       |     3 |       ||     3
 Invoke: Heroism           |       |     1 |     4 |     2 ||     7
         Finesse           |       |       |       |     1 ||     1
    Use: Potion            |       |       |     2 |     3 ||     5
   Stab: Held in net/web   |       |     3 |       |       ||     3
 Armour: Leather armour    |     2 |     3 |       |       ||     5
         Chain mail        |       |     9 |    14 |       ||    23
         Plate armour      |       |       |    21 |    90 ||   111
  Dodge: Dodged            |    12 |    24 |    37 |    76 ||   149

Table legend: (Time is in decaauts)
 A = Elapsed time spent in this place.
 B = Non-inter-level travel time spent in this place.
 C = Inter-level travel time spent in this place.
 D = Time resting spent in this place.
 E = Time spent auto-exploring this place.
 F = Levels seen in this place.
 G = Mean time per level.
                   A        B        C        D        E       F      G
               +--------+--------+--------+--------+--------+-----+--------+
         Total |   1938 |   1867 |     71 |   1321 |      0 |   1 | 1938.0 |
       Dungeon |   1938 |   1867 |     71 |   1321 |      0 |   1 | 1938.0 |
               +--------+--------+--------+--------+--------+-----+--------+

Top non-repeatable levels by time:
       D: 1938 daAuts
